Map: Triton LE

Players

DIMAGA - Winner!

  • Race: Zerg Zerg
  • Spawn Location: 5:00

SortOf

  • Race: Zerg Zerg
  • League: Diamond
  • Spawn Location: 11:00

Event: IEM Katowice 2020

VOD

Have the link to the VOD?

Description

Time

  • Played on: Feb. 25, 2020, 10:06 a.m.
  • Length: 11:56

All games in this series

Show
View Real Time Build Order
Export as new Build Order

DIMAGA Zerg - Winner!

Build Orders: Hatch First 

Get SALT Encoding   

  12  0:00  Drone  
  13  0:12  Overlord  
  13  0:16  Drone  
  14  0:30  Drone x2  
  16  0:47  Hatchery  
  15  0:50  Drone  
  15  0:53  Drone  
  18  0:57  Drone  
  18  1:07  Extractor  
  17  1:13  Spawning Pool  
  17  1:15  Drone  
  17  1:19  Drone  
  18  1:28  Drone  
  19  1:38  Drone  
  20  1:49  Drone  
  21  1:59  Queen  
  21  2:00  Queen  
  26  2:01  Drone, Overlord  
  26  2:07  Metabolic Boost  
  26  2:09  Drone  
  26  2:10  Drone  
  28  2:20  Drone  
  28  2:21  Drone  
  30  2:33  Hatchery, Drone  
  30  2:36  Drone  
  31  2:44  Overlord  
  31  2:45  Drone  
  31  2:50  Baneling Nest  
  31  2:58  Drone x2  
  33  3:02  Queen  
  36  3:05  Zergling x2  
  36  3:06  Zergling x2  
  36  3:08  Drone x2  
  36  3:10  Drone  
  36  3:12  Zergling x2  
  41  3:14  Drone  
  41  3:17  Overlord  
  42  3:21  Drone  
  42  3:22  Drone  
  42  3:27  Evolution Chamber  
  43  3:29  Zergling x2  
  44  3:36  Overlord  
  44  3:39  Zergling x2  
  44  3:41  Drone x5  
  49  3:49  Drone  
  49  3:50  Drone x2  
  49  3:53  Drone, Zerg Missile Weapons Level 1  
  53  3:57  Drone  
  53  4:00  Overlord  
  54  4:08  Drone x3  
  57  4:14  Drone x6  
  63  4:20  Extractor x2  
  63  4:23  Zergling x6  
  64  4:30  Baneling x2, Overlord  
  64  4:31  Lair  
  64  4:33  Drone  
  64  4:34  Drone  
  66  4:40  Roach Warren  
  66  4:44  Drone x8  
  66  4:45  Drone  
  74  4:46  Overlord  
  74  4:50  Pneumatized Carapace  
  74  4:52  Extractor  
  72  4:54  Overlord  
  72  4:55  Drone  
  73  5:00  Extractor  
  73  5:04  Drone x5  
  73  5:05  Extractor  
  76  5:14  Drone x2  
  76  5:15  Drone  
  78  5:22  Roach x9  
  78  5:23  Evolution Chamber  
  78  5:28  Glial Reconstitution  
  95  5:37  Overseer  
  95  5:38  Overseer, Hatchery  
  95  5:42  Overlord  
  94  5:43  Overlord x2  
  94  5:46  Overlord  
  94  5:48  Zerg Missile Weapons Level 2  
  94  5:54  Overlord  
  94  5:55  Zerg Ground Armor Level 1  
  94  5:57  Roach  
  94  6:00  Overlord x4  
  94  6:04  Drone x4  
  100  6:05  Drone  
  100  6:09  Drone x3  
  104  6:18  Roach x5  
  114  6:26  Roach  
  114  6:27  Roach x5  
  126  6:38  Roach x3  
  132  6:40  Overlord  
  132  6:41  Extractor  
  132  6:45  Overlord  
  132  6:46  Overlord  
  131  6:52  Roach x3  
  137  6:56  Roach x3  
  137  6:57  Roach x5  
  137  6:58  Overlord  
  137  6:59  Roach  
  155  7:01  Ravager  
  155  7:02  Ravager x3  
  155  7:06  Roach x3  
  155  7:08  Queen  
  165  7:09  Roach  
  162  7:21  Drone x4  
  163  7:30  Roach  
  163  7:31  Roach x9  
  183  7:43  Roach x5  
  185  7:55  Roach x3  
  185  7:56  Roach x3  
  193  8:08  Roach x3  
  199  8:30  Roach x2  
  195  8:38  Roach x11  
  178  8:43  Roach  
  178  8:44  Roach x9  
  164  8:57  Roach x3  
  164  8:58  Roach x3  
  176  9:04  Roach  
  176  9:07  Zerg Ground Armor Level 2  
  176  9:08  Roach x3  
  180  9:12  Roach  
  180  9:16  Roach  
  180  9:20  Roach x8  
  180  9:22  Overlord x2  
  188  9:26  Ravager x2  
  188  9:27  Ravager  
  189  9:33  Overlord  
  189  9:34  Roach  
  189  9:35  Overseer  
  191  9:49  Roach x4  
  183  10:09  Roach x7  
  183  10:10  Roach x5  
  194  10:25  Roach x7  
  190  10:38  Roach x9  
  181  10:45  Roach x5  
  168  10:54  Roach x13  
  186  11:03  Roach x3  
  182  11:06  Roach  
  170  11:12  Roach  
  170  11:13  Roach  
  170  11:14  Roach  
  170  11:17  Roach  
  166  11:23  Roach  
  168  11:27  Roach x6  
  168  11:30  Roach  
  168  11:31  Roach x2  
  186  11:35  Roach  
  186  11:37  Roach x2  
Show
View Real Time Build Order
Export as new Build Order

SortOf Zerg 

Build Orders: Hatch First 

Get SALT Encoding   

  12  0:00  Drone  
  13  0:12  Overlord  
  13  0:17  Drone  
  14  0:31  Drone x2  
  16  0:47  Hatchery  
  15  0:50  Drone  
  15  0:54  Drone  
  17  0:58  Drone  
  18  1:09  Extractor  
  17  1:13  Spawning Pool  
  17  1:16  Drone  
  17  1:20  Drone  
  18  1:27  Drone  
  19  1:38  Drone  
  20  1:50  Drone  
  21  2:00  Queen x2  
  25  2:01  Overlord  
  25  2:03  Drone  
  26  2:10  Drone  
  26  2:12  Drone, Metabolic Boost  
  28  2:21  Drone  
  29  2:23  Drone  
  30  2:39  Hatchery, Drone x2  
  31  2:44  Baneling Nest  
  31  2:48  Drone  
  31  2:52  Overlord  
  31  2:54  Zergling x4  
  33  3:00  Queen  
  33  3:04  Drone  
  36  3:10  Drone x3  
  39  3:13  Drone x2  
  39  3:17  Overlord  
  41  3:20  Zergling x2  
  41  3:22  Drone  
  41  3:23  Drone  
  44  3:27  Evolution Chamber  
  44  3:32  Zergling x2  
  44  3:35  Baneling  
  44  3:40  Drone x5  
  49  3:48  Drone  
  49  3:50  Drone  
  49  3:53  Zerg Missile Weapons Level 1  
  49  3:54  Overlord  
  50  3:56  Zergling x2  
  50  4:02  Drone x2  
  53  4:05  Extractor  
  53  4:08  Drone x2  
  54  4:10  Roach Warren  
  54  4:15  Drone x3  
  56  4:17  Overlord  
  56  4:18  Drone x3  
  56  4:22  Lair  
  59  4:26  Zergling x4  
  59  4:28  Drone  
  61  4:31  Overlord  
  61  4:33  Extractor x2, Drone x3  
  61  4:35  Baneling x2  
  61  4:37  Drone  
  63  4:41  Drone  
  63  4:44  Drone  
  65  4:47  Overlord  
  65  4:49  Drone x5  
  70  4:53  Drone x2  
  70  4:55  Pneumatized Carapace  
  70  4:56  Drone  
  70  4:58  Drone x3  
  76  5:01  Drone  
  76  5:06  Extractor  
  76  5:07  Extractor, Evolution Chamber  
  73  5:08  Baneling  
  73  5:10  Drone x2  
  73  5:11  Drone  
  75  5:18  Drone x2  
  77  5:22  Glial Reconstitution  
  77  5:24  Roach x3  
  77  5:25  Zergling x2, Hatchery  
  77  5:26  Baneling x2  
  77  5:27  Overseer  
  83  5:32  Roach x2  
  83  5:35  Overlord  
  87  5:36  Roach  
  87  5:41  Overlord  
  89  5:44  Zerg Ground Armor Level 1, Overlord  
  89  5:49  Spore Crawler  
  88  5:51  Roach  
  88  5:52  Zerg Missile Weapons Level 2, Overlord  
  88  5:56  Roach x2  
  94  5:59  Roach x2  
  94  6:01  Overlord  
  102  6:04  Roach x2  
  102  6:08  Roach x3  
  108  6:11  Overlord  
  108  6:17  Roach x2  
  112  6:19  Spore Crawler  
  112  6:22  Drone x5  
  116  6:32  Roach x6  
  128  6:34  Overlord  
  128  6:37  Overlord  
  126  6:40  Ravager x3  
  126  6:41  Overseer  
  126  6:42  Ravager  
  126  6:44  Extractor, Roach x2  
  126  6:46  Drone x2  
  135  6:51  Roach x4  
  143  6:57  Roach x4  
  143  7:00  Overlord  
  151  7:03  Overlord  
  151  7:05  Overlord  
  151  7:06  Ravager  
  152  7:09  Overlord  
  150  7:19  Overlord  
  150  7:21  Roach x5  
  160  7:24  Roach x5  
  170  7:32  Roach x3  
  170  7:44  Drone x6  
  184  7:51  Roach x5  
  184  7:56  Ravager  
  184  7:58  Roach x3  
  184  8:01  Spore Crawler  
  184  8:02  Ravager, Overlord x3  
  184  8:08  Overlord  
  184  8:18  Overlord  
  184  8:25  Roach x8  
  182  8:35  Roach x10  
  182  8:36  Roach  
  165  8:41  Roach x3  
  165  8:42  Roach  
  149  8:49  Roach x4  
  149  8:51  Roach  
  148  8:57  Roach  
  148  9:01  Roach x3  
  156  9:10  Roach x2  
  146  9:19  Roach x2  
  150  9:30  Queen, Infestation Pit  
  147  9:33  Drone x3  
  147  9:34  Roach  
  147  9:35  Roach x2  
  147  9:37  Zerg Ground Armor Level 2  
  154  9:40  Hydralisk Den  
  154  9:43  Roach x6  
  163  9:48  Roach  
  163  9:49  Ravager x3  
  168  9:54  Roach x5  
  176  10:01  Roach x4  
  166  10:07  Roach x2  
  166  10:11  Roach x3  
  163  10:15  Roach x2  
  163  10:16  Hive  
  163  10:19  Roach  
  161  10:22  Roach x3  
  161  10:26  Roach x2  
  161  10:28  Roach  
  165  10:39  Roach x7  
  156  10:46  Roach x4  
  139  10:55  Roach x4  
  140  10:57  Roach x2  
  140  11:01  Roach  
  124  11:05  Roach x3  
  124  11:08  Roach  
  124  11:11  Drone x3  
  121  11:19  Roach x5  
  121  11:25  Lurker Den  
  132  11:28  Roach  
  132  11:29  Roach  
  132  11:30  Roach  
  138  11:35  Roach  
  134  11:43  Ravager  

Tags
 
Add a new tag
Caveats
  • Supply blocks, unpowered buildings, or Contaminate may cause inaccurate times.
  • Supply counts are checked every 10 seconds.